AoeStats
← a4rkangel

Arabia

508146111Analyzed
1v1 RM · 11d ago on Sep 21, 2026· 33m 48s· 2 players
Game mode
Random Map
Map size
Tiny (2 player)
Population
200
Speed
Normal
Resources
Standard
Victory
Conquest
Starting age
Dark Age
Ending age
Imperial Age
RankedLock teamsTeams togetherTeam positionsShared explorationLock speedFull tech treeHidden civsTurbo modeCheats
Victory
Defeat
🇨🇱 Magyars · Chile
713
+15
🇧🇷 Ethiopians · Brazil
683
-15
Volodemer
9:35 Feudal Age
10:11 Double-Bit Axe
13:42 Horse Collar
15:37 Scale Mail Armor
18:13 Forging
21:09 Fletching
25:58 Castle Age
24:55 Padded Archer Armor
25:19 Gold Mining
28:29 Gold Shaft Mining
28:06 Squires
28:24 Chain Mail Armor
28:24 Bow Saw
30:05 Iron Casting
30:15 Elite Skirmisher
31:16 Bodkin Arrow
a4rkangel
7:04 Loom
7:42 Loom
10:22 Feudal Age
15:05 Bloodlines
22:39 Castle Age
20:14 Man-at-Arms
21:54 Arson
22:30 Gold Mining
22:33 Stone Mining
24:17 Husbandry
25:30 Scale Barding Armor
25:28 Horse Collar
27:18 Chain Barding Armor
26:51 Long Swordsman
30:31 Fletching
32:21 Bodkin Arrow
Connection lost

Rejoining the realm…

Still unreachable

The connection could not be restored.

Session expired

The server has moved on; the page needs a fresh start.